 Dungeon Crawl Stone Soup version 0.25.1-2-g60ff931df9 (webtiles) character file.

Game seed: 15553149237712515068

4594 Erymatos the Cleaver (level 10, -15/90 HPs)
             Began as a Minotaur Berserker on Nov 10, 2020.
             Was an Elder of Trog.
             Demolished by a gargoyle
             ... wielding a +0 flail
              (19 damage)
             ... on level 8 of the Dungeon.
             The game lasted 00:14:15 (7817 turns).

Erymatos the Cleaver (Minotaur Berserker)           Turns: 7817, Time: 00:14:15

Health: -15/90     AC: 11    Str: 25    XL:     10   Next: 19%
Magic:  9/9        EV: 14    Int:  4    God:    Trog [****..]
Gold:   437        SH:  0    Dex: 16    Spells: 9/9 levels left

rFire    . . .     SeeInvis +   y - +2 hand axe (freeze)
rCold    + . .     Gourm    .   (no shield)
rNeg     . . .     Faith    .   p - +0 scale mail {rC+}
rPois    .         Spirit   .   (helmet restricted)
rElec    .         Reflect  .   (no cloak)
rCorr    .         Harm     .   o - +0 pair of gloves
MR       .....                  h - +0 pair of boots
Stlth    ..........             (no amulet)
HPRegen  0.25/turn              v - ring of see invisible
MPRegen  0.11/turn              e - +6 ring of dexterity

@: berserk cooldown, slowed, very slow
A: retaliatory headbutt, horns 2
a: Berserk, Trog's Hand, Brothers in Arms, Renounce Religion


You were on level 8 of the Dungeon.
You worshipped Trog.
Trog was greatly pleased with you.
You were not hungry.

You visited 1 branch of the dungeon, and saw 8 of its levels.

You collected 437 gold pieces.

Inventory:

Hand Weapons
 y - a +2 hand axe of freezing (weapon)
 z - the +3 dire flail of Ru's Inspiration {elec, Stlth+}
   (You took it off a two-headed ogre on level 7 of the Dungeon)

   Occasionally, upon striking a foe, it will discharge some electrical energy
   and cause terrible harm.
   It makes you more stealthy.
Armour
 h - a +0 pair of boots (worn)
 o - a +0 pair of gloves (worn)
 p - a +0 scale mail of cold resistance (worn)
Jewellery
 e - a +6 ring of dexterity (right hand)
 v - a ring of see invisible (left hand)
Wands
 w - a wand of polymorph (4)
 x - a wand of iceblast (5)
Scrolls
 a - a scroll of blinking {unknown}
 b - 5 scrolls of identify
 f - 2 scrolls of magic mapping {unknown}
 g - 4 scrolls of teleportation
 i - 2 scrolls of fog
 j - 2 scrolls of enchant weapon
 l - 2 scrolls of remove curse
 r - a scroll of enchant armour {unknown}
 u - a scroll of immolation {unknown}
Potions
 d - 2 potions of curing {unknown}
 k - 3 potions of lignification {unknown}
 m - 2 potions of mutation {unknown}
 n - 2 potions of cancellation {unknown}
 q - a potion of ambrosia {unknown}
 s - a potion of brilliance {unknown}
 t - 2 potions of degeneration {unknown}
 A - a potion of heal wounds {unknown}
Comestibles
 c - 18 rations


   Skills:
 + Level 8.6 Fighting
 + Level 12.4 Axes
 + Level 9.1 Armour
 + Level 5.6 Dodging
 - Level 0.2 Stealth


You had 9 spell levels left.
You didn't know any spells.
Your spell library was empty.

Dungeon Overview and Level Annotations

Branches:
Dungeon (8/15)             Temple (0/1) D:7
   Lair: D:8-11

Altars:
Cheibriados
Dithmenos
Elyvilon
Gozag
Hepliaklqana
Kikubaaqudgha
Makhleb
Qazlal
Trog
Vehumet
Xom
The Shining One

Shops:
D:4 %   D:5 =   D:6 (%


Innate Abilities, Weirdness & Mutations

You reflexively headbutt those who attack you in melee.
You have a pair of horns on your head.


Message History

The gargoyle is lightly damaged.
The gargoyle hits you with a +0 flail!
Unknown command.
You hit the gargoyle but do no damage.
The gargoyle is lightly damaged.
You barely miss the gargoyle.
You headbutt the gargoyle, but do no damage.
The gargoyle is lightly damaged.
The gargoyle barely misses you.
Unknown command.
You hit the gargoyle but do no damage.
The gargoyle is lightly damaged.
The gargoyle hits you with a +0 flail!!
* * * LOW HITPOINT WARNING * * *
The gargoyle hurls a stone arrow at you.
The stone arrow hits you!
* * * LOW HITPOINT WARNING * * *
The gargoyle barely misses you.
You fail to use your ability.
The gargoyle hits you with a +0 flail!!
You die...

#.# ##.## # #...#
#..######...#
#...........#
######.###..######.#
#.# #[........# #.#
##9######## #.# #@#
#.# #.# ### #.#
#.####.## # #.#
#..##.#.######.###
#.#
##...###.##.......
#.# ##.##
##..)...... #.# ##.#
#.##...###. #.#
#.#.. ##### #.#####
#.#.


You could see a gargoyle.

Vanquished Creatures
  A two-headed ogre (D:7)
  The ghost of RosmoRope the Carver, a novice MiBe of Trog (D:7)
  Psyche (D:8)
  Grinder (D:6)
  2 hippogriffs (D:7)
  A spriggan (D:7)
  Eustachio (D:5)
  A wyvern (D:7)
  Edmund (D:5)
  Duvessa (D:6)
  A sky beast (D:6)
  2 ice beasts
  4 ogres
  A centaur (D:7)
  Blork the orc (D:5)
  4 bullfrogs
  Dowan (D:6)
  2 howler monkeys
  4 wights (D:7)
  3 crimson imps
  A bullfrog zombie (D:6)
  2 orc priests (D:5)
  A hound (D:5)
  5 jellies
  4 orc wizards
  2 worker ants
  A hound zombie (D:6)
  A hound skeleton (D:7)
  Robin (D:3)
  3 gnolls (D:5)
  6 adders
  A shadow imp (D:6)
  2 adder zombies
  4 worms
  4 dart slugs
  6 leopard geckos
  15 orcs
  A ball python (D:1)
  8 bats
  6 giant cockroaches
  12 hobgoblins
  5 jackals
  A quokka (D:5)
  3 frilled lizards (D:1)
  13 goblins
  10 kobolds
  A leopard gecko zombie (D:5)
  8 rats
161 creatures vanquished.

Vanquished Creatures (others)
  A worker ant zombie (D:8)
1 creature vanquished.

Grand Total: 162 creatures vanquished

Notes
Turn   | Place    | Note
-------+----------+-------------------------------------------
     0 | D:1      | Erymatos the Minotaur Berserker began the quest for the
                  | Orb.
     0 | D:1      | Reached XP level 1. HP: 19/19 MP: 0/0
   504 | D:1      | Reached XP level 2. HP: 21/27 MP: 1/1
   690 | D:1      | Reached skill level 4 in Axes
   957 | D:1      | Reached ** piety under Trog
   957 | D:1      | Reached XP level 3. HP: 33/33 MP: 2/2
  2032 | D:2      | Reached XP level 4. HP: 39/40 MP: 3/3
  2573 | D:3      | Reached skill level 5 in Axes
  2672 | D:3      | Noticed Robin
  2676 | D:3      | Reached *** piety under Trog
  2683 | D:3      | Killed Robin
  2683 | D:3      | Reached XP level 5. HP: 46/47 MP: 4/4
  3225 | D:4      | Reached skill level 6 in Axes
  3405 | D:4      | Noticed an ogre
  3410 | D:4      | Killed an ogre
  3410 | D:4      | Reached XP level 6. HP: 55/55 MP: 5/5
  3520 | D:4      | Found an ancient bone altar of Kikubaaqudgha.
  3522 | D:4      | Noticed an ice beast
  3532 | D:4      | Killed an ice beast
  3655 | D:4      | Reached skill level 7 in Axes
  3709 | D:4      | Reached skill level 5 in Fighting
  4012 | D:4      | Found Ocadd's Food Shop.
  4059 | D:5      | Entered Level 5 of the Dungeon
  4059 | D:5      | Noticed Blork the orc
  4072 | D:5      | Killed Blork the orc
  4072 | D:5      | Reached XP level 7. HP: 44/61 MP: 6/6
  4541 | D:5      | Found a glowing drain.
  4565 | D:5      | Noticed Edmund
  4573 | D:5      | Found a radiant altar of Vehumet.
  4581 | D:5      | Killed Edmund
  4581 | D:5      | Reached skill level 8 in Axes
  4581 | D:5      | Reached skill level 5 in Armour
  5001 | D:5      | Noticed Eustachio
  5003 | D:5      | Found Woppuod's Jewellery Shop.
  5010 | D:5      | Killed Eustachio
  5010 | D:5      | Reached XP level 8. HP: 70/70 MP: 7/7
  5012 | D:5      | Reached **** piety under Trog
  5015 | D:5      | Reached skill level 9 in Axes
  5403 | D:6      | Noticed Duvessa
  5403 | D:6      | Noticed Dowan
  5415 | D:6      | Killed Duvessa
  5422 | D:6      | Killed Dowan
  5530 | D:6      | Noticed Grinder
  5530 | D:6      | Paralysed by Grinder for 4 turns
  5538 | D:6      | Killed Grinder
  5538 | D:6      | Reached skill level 10 in Axes
  5614 | D:6      | Found Bisenuaq's Food Emporium.
  5615 | D:6      | Found Xofetol's Weapon Boutique.
  5831 | D:6      | Found a hazy altar of Hepliaklqana.
  6075 | D:7      | Reached XP level 9. HP: 44/79 MP: 8/8
  6311 | D:7      | Reached skill level 11 in Axes
  6436 | D:7      | Found a shimmering altar of Xom.
  6437 | D:7      | Found a white marble altar of Elyvilon.
  6437 | D:7      | Found a snail-covered altar of Cheibriados.
  6442 | D:7      | Found an opulent altar of Gozag.
  6443 | D:7      | Found a glowing golden altar of the Shining One.
  6443 | D:7      | Found a bloodstained altar of Trog.
  6444 | D:7      | Found a stormy altar of Qazlal.
  6544 | D:7      | Found a burning altar of Makhleb.
  6675 | D:7      | Found a transporter.
  6703 | D:7      | Noticed RosmoRope's ghost (novice MiBe)
  6744 | D:7      | Identified the +3 dire flail of Ru's Inspiration {elec,
                  | Stlth+}
  6744 | D:7      | Noticed a two-headed ogre
  6840 | D:7      | Found a transporter.
  6854 | D:7      | Reached skill level 5 in Dodging
  7023 | D:7      | Found a shadowy altar of Dithmenos.
  7080 | D:7      | Found a staircase to the Ecumenical Temple.
  7488 | D:7      | Killed RosmoRope's ghost
  7488 | D:7      | Reached skill level 12 in Axes
  7494 | D:7      | Killed a two-headed ogre
  7494 | D:7      | Reached XP level 10. HP: 39/90 MP: 9/9
  7789 | D:8      | Noticed Psyche
  7797 | D:8      | Killed Psyche
  7807 | D:8      | Noticed a gargoyle
  7816 | D:8      | HP: 4/90 [gargoyle/stone arrow (16)]
  7817 | D:8      | Demolished by a gargoyle

Illustrated notes

Levels and vault maps discovered:
D:1:      minmay_arrival_four_loops, layout_loops_corners
D:2:      layout_basic, kennysheep_generic_room_16
D:3:      layout_rooms, uniq_robin
D:4:      layout_loops_cross, kiku_gazebo_pond_becter, serial_shops,
          kennysheep_little_box, first_ration
D:5:      layout_rooms, cheibrodos_sewer_entry_sluice, serial_shops, shop,
          basic_altar, kennysheep_opposing_triangles, uniq_blork_the_orc,
          uniq_eustachio, uniq_edmund
D:6:      layout_cave_pools, basic_altar, serial_shops, nicolae_shop_crystal,
          shop, grunt_ministairs_8, uniq_duvessa, uniq_grinder
D:7:      layout_gridville, grunt_temple_overflow_open, makhleb_grotto_becter,
          nicolae_dithmenos_shadow_blocks, minmay_temple_entry_wispy,
          gammafunk_ghost_smash, the_bakery
D:8:      layout_loops_ring, lair_entry_dummy, lemuel_flamethrower_2,
          uniq_psyche

Skill      XL: |  1  2  3  4  5  6  7  8  9 10 |
---------------+-------------------------------+-----
Axes           | 4 5 6 7 8 10 12 | 12.4
Fighting       | 4 5 7 8 |  8.6
Dodging        | 3 4 5 |  5.6
Armour         | 3 4 5 6 8 9 |  9.1
Stealth        | |  0.2

Action                   |  1- 3 |  4- 6 |  7- 9 | 10-12 || total
-------------------------+-------+-------+-------+-------++-------
Melee: Hand axe          |    94 |   102 |   232 |    11 ||   439
       Headbutt          |    24 |    21 |    56 |     4 ||   105
Invok: Berserk           |       |     2 |     5 |     1 ||     8
       Trog's Hand       |       |       |     1 |       ||     1
       Brothers in Arms  |       |       |     1 |       ||     1
  Use: Scroll            |       |     7 |       |       ||     7
  Eat: Chunk             |     3 |     7 |    10 |       ||    20
       Ration            |       |       |     2 |     1 ||     3
Armor: Animal skin       |    19 |       |       |       ||    19
       Chain mail        |    13 |       |       |       ||    13
       Scale mail        |       |    46 |    80 |     4 ||   130
Dodge: Dodged            |    47 |    53 |   116 |     4 ||   220
